 Dungeon Crawl Stone Soup version 0.19.0-2-gae57169 (webtiles) character file.

5503 PhynixH2O the Cleaver (level 10, -7/58 HPs)
             Began as a Vine Stalker Fighter on Nov 6, 2016.
             Was an Elder of Okawaru.
             Mangled by a red ugly thing (13 damage)
             ... on level 10 of the Dungeon.
             The game lasted 00:31:19 (7742 turns).

PhynixH2O the Cleaver (Vine Stalker Fighter)        Turns: 7742, Time: 00:31:21

Health: -7/58      AC: 10    Str: 20    XL:     10   Next: 70%
Magic:  0/11       EV: 12    Int: 13    God:    Okawaru [****..]
Gold:   463        SH: 11    Dex: 16    Spells: 0 memorised, 9 levels left

rFire  . . .     SeeInvis .     a - +0 war axe
rCold  + + .     Gourm    .     G - +1 ring mail "Tefaurr" {rC+ Int+3}
rNeg   . . .     Faith    .     c - +0 shield
rPois  .         Spirit   +     (no helmet)
rElec  .         Reflect  .     x - +1 cloak
rCorr  .         Harm     .     (no gloves)
MR     +....                    (no boots)
Stlth  ++........               i - amulet of regeneration
                                w - ring of protection from cold
                                k - +2 ring of intelligence

@: heroism
A: fangs 3, regeneration 1, magic shield, antimagic bite, no device heal 3, rot
immunity
a: Heroism, Renounce Religion


You were on level 10 of the Dungeon.
You worshipped Okawaru.
Okawaru was greatly pleased with you.
You were hungry.

You visited 2 branches of the dungeon, and saw 11 of its levels.
You also visited: Sewer.

You collected 463 gold pieces.

Inventory:

Hand Weapons
 a - a +0 war axe (weapon)
Armour
 c - a +0 shield (worn)
 x - a +1 cloak (worn)
 G - the +1 ring mail "Tefaurr" (worn) {rC+ Int+3}
   (You found it on level 6 of the Dungeon)

   It affects your intelligence (+3).
   It protects you from cold.
Jewellery
 i - an amulet of regeneration (around neck)
 k - a +2 ring of intelligence (left hand)
 w - a ring of protection from cold (right hand)
 D - an uncursed ring of stealth
 L - a cursed ring of fire {unknown}
Wands
 q - a wand of polymorph (17/24)
 t - a wand of digging (16/24)
 y - a wand of heal wounds (5/9)
 E - a wand of hasting (2/9)
 N - a wand of slowing (15/48)
Scrolls
 e - a scroll of fear
 g - 3 scrolls of amnesia
 h - 2 scrolls of fog
 n - 4 scrolls of recharging
 r - 2 scrolls of enchant armour
 v - 4 scrolls of identify
 A - 4 scrolls of remove curse {unknown}
 B - 2 scrolls of noise {unknown}
 H - 2 scrolls of immolation {unknown}
 I - a scroll of holy word {unknown}
 M - a scroll of magic mapping {unknown}
Potions
 d - 4 potions of might
 j - 2 potions of haste {unknown}
 o - a potion of resistance {unknown}
 s - 2 potions of curing {unknown}
 u - 6 potions of flight {unknown}
 z - a potion of lignification {unknown}
 C - a potion of heal wounds {unknown}
 F - 2 potions of brilliance {unknown}
 J - 2 potions of magic {unknown}
 Q - a potion of mutation {unknown}
Books
 m - a book of Maledictions

   Spells                             Type                      Level
   a - Corona                         Hexes                        1
   b - Ensorcelled Hibernation        Hexes/Ice                    2
   c - Confuse                        Hexes                        3
   d - Tukima's Dance                 Hexes                        3
   e - Dazzling Spray                 Conjuration/Hexes            3
 K - a book of Battle

   Spells                             Type                      Level
   a - Infusion                       Charms                       1
   b - Shroud of Golubria             Charms/Translocation         2
   c - Song of Slaying                Charms                       2
   d - Spectral Weapon                Hexes/Charms                 3
   e - Regeneration                   Charms/Necromancy            3
Comestibles
 b - 2 beef jerkies
 f - 10 bread rations
 l - 3 meat rations
 p - 4 slices of pizza
 O - 7 chunks of flesh
 P - 2 royal jellies


   Skills:
 * Level 9.6(14.6) Fighting
 + Level 11.1(16.1) Axes
 - Level 2.4(7.4) Armour
 - Level 2.6(7.6) Shields


You had 9 spell levels left.
You didn't know any spells.

Dungeon Overview and Level Annotations

Branches:
Dungeon (10/15)            Temple (1/1) D:4            Lair (0/6) D:10
    Orc: D:9-12

Altars:
Ashenzari
Cheibriados
Dithmenos
Elyvilon
Fedhas
Gozag
Hepliaklqana
Kikubaaqudgha
Makhleb
Okawaru
Qazlal
Ru
Sif Muna
Trog
Uskayaw
Vehumet
Xom
Yredelemnul
Zin
The Shining One

Shops:
D:2 *   D:4 *   D:6 *   D:9 }

Annotations:
D:10 exclusion: oklob plant


Innate Abilities, Weirdness & Mutations

You have razor-sharp teeth.
Your natural rate of healing is unusually fast.
When hurt, damage is shared between your health and your magic reserves.
Your bite disrupts and absorbs the magic of your enemies.
Potions and wands cannot restore your health.
You are immune to rotting.


Message History

You slash the red ugly thing!
The red ugly thing is lightly wounded.
The red ugly thing trunk-slaps you but does no damage.
You barely miss the red ugly thing.
The red ugly thing is lightly wounded.
You barely miss the red ugly thing.
You bite the red ugly thing, but do no damage.
The red ugly thing is lightly wounded.
The red ugly thing trunk-slaps you!
You are engulfed in flames!
You slash the red ugly thing! Your bite misses the red ugly thing.
The red ugly thing is heavily wounded.
The red ugly thing trunk-slaps you.
You are engulfed in flames!!
* * * LOW HITPOINT WARNING * * *
You hit the red ugly thing. You bite the red ugly thing. You drain its power.
You feel invigorated.
The red ugly thing is heavily wounded.
The red ugly thing trunk-slaps you.
* * * LOW HITPOINT WARNING * * *
You are engulfed in flames!!
You die...

#.######........................
##........######.#############.##
...######......#.#...........#.#
#### #.####.#.#.####.####.#.# #
#.#....#.#....#.#....#.# #
#.#.####(####.#.#.####.## #
##.#...........#.#........ #
#..#############(######### #
#####........@u....... #
#.........#######.#.#. #
##.######.## # #...# #.# # #.#.#
#.# # #...# #.# # ##.## #.# # #.#
#.. #.# ###


You could see a red ugly thing.

Vanquished Creatures
  Pikel (D:7)
  Maurice (D:10)
  The ghost of Leibowitz the Slasher, a novice MiFi of Okawaru (D:5)
  2 hippogriffs
  Grinder (D:5)
  Sigmund (D:5)
  A spriggan (D:8)
  2 wyverns (D:9)
  Eustachio (D:4)
  Menkaure (D:5)
  A black bear (D:8)
  A phantom (D:9)
  A sky beast (D:10)
  An ice beast (D:8)
  A necrophage (D:7)
  2 ogres
  An orc warrior (D:6)
  A centaur (D:6)
  2 big kobolds
  5 bullfrogs
  2 scorpions
  4 wights (D:8)
  4 crimson imps
  A jelly (D:9)
  A quasit (D:6)
  5 hounds
  Crazy Yiuf (D:2)
  3 bullfrog skeletons
  3 bullfrog zombies
  5 orc priests
  5 orc wizards
  A centaur skeleton (D:4)
  Jessica (D:3)
  An iguana (D:9)
  9 worker ants
  A killer bee zombie (D:7)
  A hound skeleton (D:9)
  A hound zombie (D:8)
  A howler monkey skeleton (D:8)
  A worker ant zombie (D:6)
  4 gnolls
  15 adders
  2 shadow imps
  3 oozes
  An adder skeleton (D:5)
  An adder zombie (D:9)
  3 worms (Sewer)
  A dart slug (D:1)
  7 leopard geckos
  29 orcs
  2 ball pythons (Sewer)
  2 bats
  3 giant cockroaches
  7 hobgoblins
  15 jackals
  3 quokkas
  A frilled lizard (D:2)
  8 goblins
  13 kobolds
  2 leopard gecko skeletons
  A leopard gecko zombie (D:5)
  A quokka skeleton (D:6)
  A quokka zombie (D:7)
  13 rats
217 creatures vanquished.

Vanquished Creatures (others)
  A jackal (D:7)
1 creature vanquished.

Grand Total: 218 creatures vanquished

Notes
Turn   | Place    | Note
-------+----------+-------------------------------------------
     0 | D:1      | PhynixH2O the Vine Stalker Fighter began the quest for the Orb.
     0 | D:1      | Reached XP level 1. HP: 11/11 MP: 2/2
   130 | D:1      | Reached skill level 2 in Axes
   163 | D:1      | Reached XP level 2. HP: 15/16 MP: 3/3
   423 | D:1      | Reached XP level 3. HP: 19/19 MP: 4/4
   707 | D:1      | Reached skill level 3 in Axes
  1133 | D:2      | Found an opulent altar of Gozag.
  1141 | D:2      | Found Gozag's Platinum Reserve.
  1255 | D:2      | Found a runed door.
  1354 | D:3      | Gained mutation: Your natural rate of healing is unusually fast. [Vine Stalker growth]
  1354 | D:3      | Reached XP level 4. HP: 24/24 MP: 5/5
  1463 | D:3      | Noticed Jessica
  1478 | D:3      | Killed Jessica
  1538 | D:3      | Found a glowing drain.
  1543 | Sewer    | Entered a sewer
  1587 | Sewer    | Reached XP level 5. HP: 28/28 MP: 6/6
  1663 | Sewer    | Reached skill level 4 in Axes
  1933 | Sewer    | Noticed a big kobold
  1955 | Sewer    | Killed a big kobold
  1955 | Sewer    | Reached XP level 6. HP: 33/33 MP: 5/7
  2423 | D:2      | Noticed Crazy Yiuf
  2429 | D:2      | Killed Crazy Yiuf
  2429 | D:2      | Reached skill level 5 in Axes
  2497 | D:4      | Found a staircase to the Ecumenical Temple.
  2507 | Temple   | Entered the Ecumenical Temple
  2675 | Temple   | Became a worshipper of Warmaster Okawaru
  2807 | D:4      | Noticed Eustachio
  2831 | D:4      | Killed Eustachio
  2831 | D:4      | Reached XP level 7. HP: 36/38 MP: 6/8
  2974 | D:4      | Found a glowing silver altar of Zin.
  3000 | D:4      | Found Xuagur's Elemental Accessories.
  3198 | D:5      | Entered Level 5 of the Dungeon
  3340 | D:5      | Reached skill level 6 in Axes
  3486 | D:5      | Noticed Leibowitz's ghost (novice MiFi)
  3546 | D:5      | Killed Leibowitz's ghost
  3546 | D:5      | Reached * piety under Okawaru
  3546 | D:5      | Reached skill level 5 in Fighting
  3546 | D:5      | Gained mutation: You have razor-sharp teeth. [Vine Stalker growth]
  3546 | D:5      | Reached XP level 8. HP: 37/43 MP: 9/9
  3594 | D:5      | Reached skill level 7 in Axes
  3603 | D:5      | Noticed Grinder
  3615 | D:5      | Killed Grinder
  3854 | D:5      | Noticed Sigmund
  3870 | D:5      | Killed Sigmund
  3870 | D:5      | Reached ** piety under Okawaru
  3870 | D:5      | Reached skill level 8 in Axes
  3913 | D:5      | Noticed Menkaure
  3920 | D:5      | Killed Menkaure
  4015 | D:5      | Found an ancient bone altar of Kikubaaqudgha.
  4108 | D:6      | Reached XP level 9. HP: 49/49 MP: 10/10
  4126 | D:6      | Got a dazzling ring mail
  4131 | D:6      | Identified the +1 ring mail "Tefaurr" {rC+ Int+3} (You found it on level 6 of the Dungeon)
  4276 | D:6      | Found a shadowy altar of Dithmenos.
  4340 | D:6      | Reached skill level 9 in Axes
  4489 | D:6      | Found Vogaohot's Assorted Antiques.
  4700 | D:7      | Reached *** piety under Okawaru
  4738 | D:7      | Found an ancient bone altar of Kikubaaqudgha.
  4739 | D:7      | Noticed Pikel
  4752 | D:7      | Killed Pikel
  4752 | D:7      | Reached skill level 10 in Axes
  5656 | D:8      | Reached XP level 10. HP: 56/56 MP: 11/11
  6049 | D:8      | Reached **** piety under Okawaru
  6568 | D:9      | Found Sez Wiecs's Gadget Boutique.
  6676 | D:9      | Found a bloodstained altar of Trog.
  6719 | D:9      | Found a radiant altar of Vehumet.
  7159 | D:9      | Found a stormy altar of Qazlal.
  7161 | D:9      | Found a deep blue altar of Sif Muna.
  7352 | D:10     | Entered Level 10 of the Dungeon
  7370 | D:10     | Reached skill level 11 in Axes
  7400 | D:10     | Noticed a cyclops
  7499 | D:10     | Noticed Maurice
  7501 | D:10     | Found a staircase to the Lair.
  7501 | D:10     | Noticed an oklob plant
  7519 | D:10     | Killed Maurice
  7733 | D:10     | Noticed a red ugly thing
  7742 | D:10     | Mangled by a red ugly thing

Skill      XL: |  1  2  3  4  5  6  7  8  9 10 |
---------------+-------------------------------+-----
Axes           | 2 3 4 5 6 8 10 11 | 11.1
Fighting       | 3 4 5 6 7 9 |  9.6
Armour         | |  2.4
Shields        | |  2.6

Action                   |  1- 3 |  4- 6 |  7- 9 | 10-12 || total
-------------------------+-------+-------+-------+-------++-------
Melee: War axe           |    77 |   191 |   299 |   196 ||   763
       Bite              |    14 |    55 |   109 |    72 ||   250
Invok: Heroism           |       |       |     1 |     2 ||     3
  Use: Scroll            |       |     5 |     4 |     1 ||    10
  Eat: Chunk             |     1 |     6 |    10 |     6 ||    23
Armor: Scale mail        |    32 |    80 |    47 |       ||   159
       Ring mail         |       |       |    53 |    67 ||   120
Dodge: Dodged            |    22 |    51 |   101 |    45 ||   219
Block: Shield            |    30 |    94 |   134 |    64 ||   322
